 Dungeon Crawl Stone Soup version 0.31-a0-232-gb1c03b2570 (webtiles) character file.

Game seed: 2607625762146519416

266 qw the Shooter (level 6, -11/50 HPs)
             Began as a Minotaur Hexslinger on July 7, 2023.
             Mangled by an ogre
             ... wielding a +0 giant club
              (19 damage)
             ... on level 3 of the Dungeon.
             The game lasted 00:00:57 (2654 turns).

qw the Shooter (Minotaur Hexslinger)                Turns: 2654, Time: 00:00:57

Health: -11/50     AC:  7    Str: 12    XL:     6   Next: 0%
Magic:  0/6        EV: 10    Int: 10    God:
Gold:   241        SH:  0    Dex: 13    Spells: 6/7 levels left

rFire   + . .        Y - +1 sling
rCold   . . .        (no shield)
rNeg    . . .        h - +0 ring mail
rPois   .            (helmet restricted)
rElec   +            (no cloak)
rCorr   .            d - +0 pair of gloves
SInv    .            c - +0 pair of boots "Udaoliwk" {rElec rF+ Dex-2}
Will    .....        g - amulet of guardian spirit
Stlth   +            (no ring)
HPRegen 0.28/turn    (no ring)
MPRegen 0.10/turn

%: guardian spirit
@: no status effects
A: horns 2, retaliatory headbutt
a: no special abilities


You were on level 3 of the Dungeon.
You visited 1 branch of the dungeon, and saw 4 of its levels.

You collected 241 gold pieces.


Innate Abilities, Weirdness & Mutations

You have a pair of horns on your head.
You reflexively headbutt those who attack you in melee.


   Skills:
 + Level 2.9 Fighting
 - Level 6.2 Ranged Weapons
 - Level 1.2 Armour
 - Level 2.1 Dodging
 - Level 1.0 Spellcasting
 - Level 2.0 Hexes


You had 6 spell levels left.
You knew the following spells:

 Your Spells              Type           Power      Damage    Failure   Level
a - Slow                  Hex            16%        N/A       34%         1

Your spell library contained the following spells:

 Spells                   Type           Power      Damage    Failure   Level
 Inner Flame              Hex/Fire       2%         N/A       83%         3
 Portal Projectile        Hex/Tloc       4%         N/A       83%         3
 Cause Fear               Hex            2%         N/A       98%         4

Inventory:

Hand Weapons
 Y - a +1 sling (weapon)
Armour
 c - the +0 pair of boots "Udaoliwk" (worn) {rElec rF+ Dex-2}
   (You found it on level 4 of the Dungeon)

   Dex:       It affects your dexterity (-2).
   rF:        It protects you from fire.
   rElec:     It insulates you from electricity.
 d - a +0 pair of gloves (worn)
 h - a +0 ring mail (worn)
Jewellery
 g - an amulet of guardian spirit (around neck)
Scrolls
 b - a scroll of identify
Potions
 a - a potion of mutation {unknown}
 e - a potion of curing
 f - a potion of attraction {unknown}
 i - a potion of resistance {unknown}
 k - a potion of heal wounds {unknown}
 l - a potion of haste
 n - a potion of berserk rage {unknown}

Dungeon Overview and Level Annotations

Branches:
Dungeon (4/15)
 Temple: D:4-7

Altars:


Message History

You finish putting on the +0 pair of boots "Udaoliwk" {rElec rF+ Dex-2}.
You feel clumsy.
Done exploring.
(D) Dungeon
Where to? (* - list waypoints, Enter - D:4, ? - help)
What level of the Dungeon? (default 1, ? - help)
You climb downwards.
The ogre barely misses you.
There is a stone staircase leading up, spattered with blood here.
An ogre is nearby!
You shoot a sling bullet.
The sling bullet barely misses the ogre.
The ogre hits you with a +0 giant club!
2645 ||| STAIRDANCE You climb upwards.
There is a stone staircase leading down here.
You shoot a sling bullet. The sling bullet hits the ogre.
The ogre is lightly wounded.
The ogre hits you with a +0 giant club!
You shoot a sling bullet. The sling bullet hits the ogre!
The ogre is heavily wounded.
The ogre hits you with a +0 giant club!
You shoot a sling bullet. The sling bullet hits the ogre.
The ogre is heavily wounded.
The ogre completely misses you.
You shoot a sling bullet. The sling bullet hits the ogre.
The ogre is severely wounded.
The ogre hits you with a +0 giant club.
You shoot a sling bullet.
The sling bullet completely misses the ogre.
You shoot a sling bullet. The sling bullet hits the ogre.
The ogre is almost dead.
The ogre hits you with a +0 giant club.
You shoot a sling bullet.
The sling bullet hits the ogre but does no damage.
The ogre is almost dead.
The ogre hits you with a +0 giant club!
You shoot a sling bullet. The sling bullet hits the ogre.
The ogre is almost dead.
The ogre hits you with a +0 giant club!!
You die...

#.##.##..........#........
#............##..#.##.....
#....##.............##.###
#.........##...........# #
##.#.......#)####.#.#### #
#.#.......#.####.#.# #
#.#...........##.#.# #
#......[)........#.# #
###...##.#


You could see an ogre.

Vanquished Creatures
  Sigmund (D:2)
  A gnoll (D:4)
  4 adders
  A worm (D:3)
  4 orcs (D:3)
  6 endoplasms
  A giant cockroach (D:1)
  9 goblins
  6 hobgoblins
  3 jackals (D:1)
  A kobold (D:3)
  A quokka (D:1)
  6 ball pythons
  5 bats
  A frilled lizard (D:1)
  6 rats
56 creatures vanquished.

Notes
Turn   | Place    | Note
-------+----------+-------------------------------------------
     0 | D:1      | qw the Minotaur Hexslinger began the quest for the Orb.
     0 | D:1      | Reached XP level 1. HP: 16/16 MP: 1/1
     0 | D:1      | 0 ||| qw: Version: 0.3-a-46-gb1f654a
     0 | D:1      | 0 ||| qw: Game counter: 2827
     0 | D:1      | 0 ||| qw: Melee chars always use a shield: true
     0 | D:1      | 0 ||| qw: God list: Okawaru
     0 | D:1      | 0 ||| qw: Allow faded altars: false
     0 | D:1      | 0 ||| qw: Do Orc after clearing Dungeon:15 true
     0 | D:1      | 0 ||| qw: Do second Lair branch before Depths: true
     0 | D:1      | 0 ||| qw: Lair rune preference: random
     0 | D:1      | 0 ||| qw: Goals: Normal
     0 | D:1      | 0 ||| PLANNING D:1-11
    17 | D:1      | HP: 3/16 [quokka (5)]
   142 | D:1      | Reached skill level 3 in Ranged Weapons
   145 | D:1      | Reached XP level 2. HP: 23/23 MP: 2/2
   289 | D:1      | Found a faded altar of an unknown god.
   645 | D:1      | 645 ||| UPGRADING to +0 pair of gloves.
   650 | D:1      | 650 ||| READING scroll labelled VAIDIKLOLL.
   651 | D:1      | 651 ||| DRINKING 2 inky potions.
   652 | D:1      | 652 ||| DROPPING scroll of poison.
   747 | D:2      | Reached XP level 3. HP: 29/29 MP: 3/3
  1099 | D:2      | Reached skill level 4 in Ranged Weapons
  1263 | D:2      | Noticed Sigmund
  1270 | D:2      | Killed Sigmund
  1271 | D:2      | Reached skill level 6 in Ranged Weapons
  1271 | D:2      | Reached XP level 4. HP: 12/36 MP: 4/4
  1271 | D:2      | Reached XP level 5. HP: 14/41 MP: 5/5
  1724 | D:2      | 1724 ||| UPGRADING to +0 ring mail.
  1734 | D:2      | 1734 ||| DROPPING +0 robe.
  1735 | D:2      | 1735 ||| UPGRADING to amulet of guardian spirit.
  1806 | D:3      | Reached skill level 1 in Armour
  2389 | D:3      | 2389 ||| READING 2 scrolls labelled BAARUNWYUSCH.
  2390 | D:3      | 2390 ||| READING scroll labelled PAOFUIW RASYNUDDOU.
  2391 | D:3      | 2391 ||| READING scroll labelled BUSYSO ZIPPO.
  2392 | D:3      | 2392 ||| READING scroll labelled CUSSAN JICWA.
  2393 | D:3      | 2393 ||| DROPPING scroll of fog.
  2428 | D:4      | 2428 ||| STAIRDANCE
  2575 | D:4      | Identified the +0 pair of boots "Udaoliwk" {rElec rF+
                  | Dex-2}
  2593 | D:4      | Noticed an ogre
  2596 | D:4      | Reached XP level 6. HP: 38/50 MP: 6/6
  2596 | D:4      | 2596 ||| FLEEEEING.
  2597 | D:4      | 2597 ||| FLEEEEING.
  2598 | D:4      | 2598 ||| FLEEEEING.
  2599 | D:4      | 2599 ||| FLEEEEING.
  2600 | D:4      | 2600 ||| FLEEEEING.
  2601 | D:4      | 2601 ||| FLEEEEING.
  2602 | D:4      | 2602 ||| FLEEEEING.
  2603 | D:4      | 2603 ||| FLEEEEING.
  2604 | D:4      | 2604 ||| FLEEEEING.
  2607 | D:4      | 2607 ||| FLEEEEING.
  2608 | D:4      | 2608 ||| FLEEEEING.
  2609 | D:4      | 2609 ||| FLEEEEING.
  2610 | D:4      | 2610 ||| FLEEEEING.
  2611 | D:4      | 2611 ||| FLEEEEING.
  2612 | D:4      | 2612 ||| FLEEEEING.
  2613 | D:4      | 2613 ||| FLEEEEING.
  2614 | D:4      | 2614 ||| FLEEEEING.
  2615 | D:4      | 2615 ||| FLEEEEING.
  2616 | D:4      | 2616 ||| FLEEEEING.
  2617 | D:4      | 2617 ||| STAIRDANCE
  2637 | D:3      | 2637 ||| UPGRADING to +0 pair of boots "Udaoliwk" {rElec
                  | rF+ Dex-2}.
  2645 | D:4      | 2645 ||| STAIRDANCE
  2653 | D:3      | HP: 7/50 [ogre/+0 giant club (8)]
  2654 | D:3      | Mangled by an ogre

Levels and vault maps discovered:
D:1:      dpeg_arrival_refuge, layout_basic, shapermc_ecumenical_altar_venn
D:2:      layout_basic, uniq_sigmund
D:3:      layout_loops_cross, kennysheep_generic_room_10
D:4:      minmay_skewed_foursquare, layout_cave_pods, kennysheep_generic_room_7

Skill      XL: |  1  2  3  4  5 |
---------------+----------------+-----
Ranged Weapons | 3 6 |  6.2
Fighting       | 2 |  2.9
Armour         | 1 |  1.2
Dodging        | |  2.1
Spellcasting   | |  1.0
Hexes          | |  2.0

Action                     |  1- 3 |  4- 6 || total
---------------------------+-------+-------++-------
   Fire: Sling             |    97 |   104 ||   201
    Use: Scroll            |     1 |     4 ||     5
         Potion            |     1 |       ||     1
 Armour: Robe              |     6 |       ||     6
         Ring mail         |       |    22 ||    22
  Dodge: Dodged            |    30 |    40 ||    70

Table legend:
 A = Non-vault XP
 B = Vault XP
 C = Vault XP percentage of total XP
 D = Non-vault monster count
 E = Vault monster count
 F = Vault count percentage of total count
                 A         B        C        D         E       F
            +---------+---------+-------+---------+---------+-------
      Total |     143 |     238 |  62.5 |      54 |       2 |   3.6
            +---------+---------+-------+---------+---------+-------
        D:1 |      36 |       0 |   0.0 |      23 |       0 |   0.0
        D:2 |      36 |     223 |  86.1 |      15 |       1 |   6.2
        D:3 |      71 |       0 |   0.0 |      16 |       0 |   0.0
        D:4 |       0 |      15 | 100.0 |       0 |       1 | 100.0
            +---------+---------+-------+---------+---------+-------
